 Dungeon Crawl Stone Soup version 0.31-a0-844-gdc52ec4e09 (webtiles) character file.

Game seed: 1031272767028338169

336 Maratek the Ducker (level 6, 0/41 (43) HPs)
             Began as an Octopode Fighter on Sept 29, 2023.
             Was an Initiate of Hepliaklqana.
             Slain by a wight
             ... wielding a +2 great sword
              (11 damage)
             ... on level 4 of the Dungeon.
             The game lasted 00:04:00 (3329 turns).

Maratek the Ducker (Octopode Fighter)               Turns: 3329, Time: 00:04:00

HP:   0/41 (43)     AC:  1    Str: 17    XL:     6   Next: 54%
MP:   6/6           EV: 13    Int: 17    God:    Hepliaklqana [......]
Gold: 150           SH:  9    Dex: 11    Spells: 5/5 levels left

rFire   . . .        a - +0 flail
rCold   . . .        b - +0 buckler
rNeg    . . .        (helmet restricted)
rPois   .            h - amulet of reflection
rElec   .            l - +6 ring of intelligence
rCorr   .            (no ring)
SInv    .            (no ring)
Will    .....        (no ring)
Stlth   +++          (no ring)
HPRegen 0.26/turn    (no ring)
MPRegen 0.10/turn    (no ring)
                     (no ring)

%: reflection
@: lightly drained
A: almost no armour, amphibious, 8 rings, camouflage 1, gelatinous body 1,
(nimble swimmer 1), tentacles
a: Renounce Religion


You were on level 4 of the Dungeon.
You worshipped Hepliaklqana.
Hepliaklqana was noncommittal.
You visited 2 branches of the dungeon, and saw 5 of its levels.

You collected 170 gold pieces.
You spent 20 gold pieces at shops.

Inventory:

Hand Weapons
 a - a +0 flail (weapon)
Armour
 b - a +0 buckler (worn)
Jewellery
 h - an amulet of reflection (around mantle)
 l - a +6 ring of intelligence (left tentacle)
 n - a +6 ring of strength
Scrolls
 g - 3 scrolls of amnesia
 j - 2 scrolls of identify
 m - a scroll of fog {unknown}
 o - a scroll of immolation {unknown}
 p - a scroll of vulnerability {unknown}
Potions
 c - a potion of might
 d - a potion of curing
 e - a potion of mutation {unknown}
 f - a potion of enlightenment {unknown}
 i - a potion of degeneration {unknown}
 k - a potion of haste {unknown}


   Skills:
 + Level 4.0 Fighting
 + Level 4.0 Maces & Flails
 + Level 4.1 Dodging
 + Level 3.6 Stealth
 + Level 3.7 Shields


You had 5 spell levels left.
You didn't know any spells.
Your spell library contained the following spells:

 Spells                   Type           Power      Damage    Failure   Level
 Sublimation of Blood     Necr           0%         N/A       41%         2
 Wereblood                Tmut           0%         N/A       41%         2
 Irradiate                Conj/Tmut      0%         3d11      100%        5
 Summon Hydra             Summ           0%         N/A       100%        7


Dungeon Overview and Level Annotations

Branches:
Dungeon (4/15)             Temple (1/1) D:4

Altars:
Ashenzari
Cheibriados
Dithmenos
Elyvilon
Hepliaklqana
Makhleb
Nemelex Xobeh
Okawaru
Sif Muna
Trog
Uskayaw
Vehumet
Wu Jian
Zin
The Shining One

Shops:
D:2 ?


Innate Abilities, Weirdness & Mutations

You cannot wear most types of armour.
You are amphibious.
You can wear up to eight rings at the same time.
Your skin changes colour to match your surroundings (Stealth+).
Your rubbery body absorbs attacks. (AC +1, EV +1)
((You are camouflaged when in or above water. (Stealth+)))
You have tentacles for arms and can constrict up to eight enemies at once.


Message History

You squeeze the endoplasm.
You kill the endoplasm!
You block the quokka's attack.
You hit the quokka. Your grab misses the quokka.
The quokka is severely wounded.
You block the quokka's attack.
You miss the quokka. Your grab misses the quokka.
The quokka is severely wounded.
You block the quokka's attack. The quokka barely misses you.
You miss the quokka. Your grab misses the quokka.
The quokka is severely wounded.
The quokka completely misses you.
You hit the quokka.
You kill the quokka!
Unknown command.
You sock the endoplasm!
You kill the endoplasm!
The wight closely misses you.
You barely miss the wight. You grab the wight.
You constrict the wight, but do no damage.
You block the wight's attack.
You hit the wight but do no damage. You constrict the wight.
The wight hits you with a +2 great sword!
You feel drained.
You hit the wight but do no damage.
You tentacle-slap the wight, but do no damage.
The wight is lightly damaged.
You constrict the wight. The wight closely misses you.
You hit the wight.
The wight is moderately damaged.
You constrict the wight.
The wight hits you with a +2 great sword!
* * * LOW HITPOINT WARNING * * *
The wight barely misses you.
You are too injured to fight recklessly!
You hit the wight but do no damage. You squeeze the wight.
The wight is severely damaged.
You constrict the wight.
The wight hits you with a +2 great sword!
You die... .# ####..### .## #..# ..~ ..# ##..# ..~ ..# #...# .... .## #..## g.... .# #..# #wg... ## #..# #fSw.

# ##..# ###zg#
#...# ###)@#
####...# ##.†)##
##.##...####.)###
#...#...##...##
........#..###
..........##
........###
.......##
........#


You could see a sleepcap, 2 worms, a wight, an adder, a hobgoblin and 2 goblins.

Vanquished Creatures
  2 phantoms (D:4)
  Terence (D:2)
  Robin (D:4)
  5 gnolls
  2 adders
  A worm (D:3)
  3 dart slugs
  An orc (D:3)
  3 ball pythons
  10 endoplasms
  2 giant cockroaches
  10 goblins
  9 hobgoblins
  5 jackals
  2 kobolds
  5 quokkas
  5 bats
  4 frilled lizards
  5 rats
76 creatures vanquished.

Notes
Turn   | Place    | Note
-------+----------+-------------------------------------------
     0 | D:1      | Maratek the Octopode Fighter began the quest for the Orb.
     0 | D:1      | Reached XP level 1. HP: 16/16 MP: 1/1
    87 | D:1      | Reached XP level 2. HP: 21/21 MP: 2/2
   276 | D:1      | Reached XP level 3. HP: 26/26 MP: 3/3
  1118 | D:2      | Noticed Terence
  1123 | D:2      | Killed Terence
  1124 | D:2      | Reached skill level 1 in Stealth
  1124 | D:2      | Reached XP level 4. HP: 32/32 MP: 4/4
  1213 | D:2      | Found Koraip's Magic Scroll Shoppe.
  1220 | D:2      | Bought a scroll of identify for 20 gold pieces
  1864 | D:3      | Reached XP level 5. HP: 15/37 MP: 5/5
  2282 | D:3      | Found a burning altar of Makhleb.
  2675 | D:4      | Noticed a phantom
  2690 | D:4      | Killed a phantom
  2691 | D:4      | Reached XP level 6. HP: 19/43 MP: 6/6
  2998 | D:4      | Found a staircase to the Ecumenical Temple.
  3017 | Temple   | Entered the Ecumenical Temple
  3042 | Temple   | Became a worshipper of Hepliaklqana the Forgotten
  3298 | D:4      | Noticed Robin
  3309 | D:4      | Killed Robin
  3329 | D:4      | Slain by a wight

Illustrated notes

Levels and vault maps discovered:
D:1:      tarquinn_simple_flora_water_d, layout_loops_corners
D:2:      layout_basic, serial_shops, shop, grunt_ministairs_8, uniq_terence
D:3:      layout_basic, mainiacjoe_overflow_small_starburst
D:4:      layout_cave_pods, general_overflow_altar, xom_confusion_cloud,
          minmay_temple_entry_mist, uniq_menkaure, uniq_robin
Temple:   eino_temple_lava

Skill      XL: |  1  2  3  4  5  6 |
---------------+-------------------+-----
Stealth        | 1 2 3 |  3.6
Maces & Flails | 3 4 |  4.0
Dodging        | 4 |  4.1
Fighting       | 4 |  4.0
Shields        | |  3.7

Action                     |  1- 3 |  4- 6 || total
---------------------------+-------+-------++-------
  Melee: Flail             |    40 |   118 ||   158
         Constrict         |    12 |    22 ||    34
         Tentacles         |     8 |    30 ||    38
         Punch             |       |     3 ||     3
    Use: Scroll            |       |     2 ||     2
   Stab: Sleeping          |     5 |     6 ||    11
 Armour: Skin              |    13 |    47 ||    60
  Dodge: Dodged            |    27 |    66 ||    93
  Block: Buckler           |    11 |    58 ||    69
         Reflection        |       |     4 ||     4

Table legend: (Time is in decaauts)
 A = Elapsed time spent in this place.
 B = Non-inter-level travel time spent in this place.
 C = Inter-level travel time spent in this place.
 D = Time resting spent in this place.
 E = Time spent auto-exploring this place.
 F = Levels seen in this place.
 G = Mean time per level.
                   A        B        C        D        E       F      G
               +--------+--------+--------+--------+--------+-----+--------+
         Total |   3375 |   3277 |     98 |    431 |   2391 |   5 |  675.0 |
       Dungeon |   3340 |   3274 |     66 |    431 |   2391 |   4 |  835.0 |
        Temple |     34 |      2 |     32 |      0 |      0 |   1 |   34.0 |
               +--------+--------+--------+--------+--------+-----+--------+

Top non-repeatable levels by time:
     D:3: 928 daAuts
     D:2: 905 daAuts
     D:1: 872 daAuts
     D:4: 633 daAuts
  Temple: 34 daAuts
